 Dungeon Crawl Stone Soup version 0.14-a0-181-gf6fe0c6 (webtiles) character file.

261 Malachi the Vexing (level 4, -2/30 HPs)
             Began as a Vampire Enchanter on Oct 6, 2013.
             Slain by a goliath beetle (26 damage)
             ... on Level 3 of the Dungeon.
             The game lasted 00:04:59 (3304 turns).

Malachi the Vexing (Vampire Enchanter)              Turns: 3304, Time: 00:04:59

HP  -2/30        AC  4     Str  7      XL: 4   Next: 91%
MP   1/8         EV 13     Int 18      God:
Gold 130         SH  0     Dex 14      Spells:  2 memorised,  2 levels left

Res.Fire  : . . .   See Invis. : +   a - +1 dagger
Res.Cold  : + + .   Warding    : .   b - +1 robe
Life Prot.: + + +   Conserve   : .   (no shield)
Res.Poison: +       Res.Corr.  : .   (no helmet)
Res.Elec. : .       Clarity    : .   (no cloak)
Sust.Abil.: . .     Spirit.Shd : .   p - +0 pair of gloves
Res.Mut.  : .       Stasis     : .   (no boots)
Res.Rott. : +       Flight     : .   (no amulet)
Saprovore : . . .                    (no ring)
                                     m - ring of wizardry

@: regenerating slowly, slightly resistant to hostile enchantments, quite
stealthy
A: fangs 3, see invisible, unbreathing
a: Bat Form


You were on level 3 of the Dungeon.
You were near bloodless.

You visited 1 branch of the dungeon, and saw 3 of its levels.

You collected 110 gold pieces.

Inventory:

Hand weapons
 a - a +1,+1 dagger (weapon)
Missiles
 d - 12 darts (quivered)
Armour
 b - a +1 robe (worn)
 p - a +0 pair of gloves (worn)
Scrolls
 e - a scroll of enchant weapon II {unknown}
 f - 2 scrolls of curse armour {unknown}
 g - a scroll of recharging {unknown}
 j - a scroll of random uselessness {unknown}
 k - a scroll of fog {unknown}
 l - 3 scrolls of curse jewellery {unknown}
 n - 2 scrolls of fear {unknown}
 o - a scroll of magic mapping {unknown}
Jewellery
 m - a ring of wizardry (left hand)
Potions
 h - 2 potions of curing {unknown}
 i - a potion of brilliance {unknown}
 q - a potion of confusion {unknown}
Books
 c - a book of Maledictions

   Spells                             Type                      Level
   *Corona                            Hexes                        1
   Sure Blade                         Hexes/Charms                 2
   *Ensorcelled Hibernation           Hexes/Ice                    2
   Confuse                            Hexes                        3
   Enslavement                        Hexes                        4
   Invisibility                       Hexes                        6


   Skills:
 + Level 0.3 Fighting
 + Level 1.5 Short Blades
 + Level 0.7 Throwing
 + Level 2.8 Dodging
 + Level 5.3 Stealth
 * Level 1.4 Spellcasting
 + Level 6.0 Hexes


You had 2 spell levels left.
You knew the following spells:

 Your Spells              Type           Power        Failure   Level  Hunger
a - Corona                Hex            ###....      1%          1    ##.....
b - Ensorcelled Hibernat  Hex/Ice        ##....       4%          2    ###....


Dungeon Overview and Level Annotations

Branches:
Dungeon (3/27)

Altars:


Innate Abilities, Weirdness & Mutations

You heal slowly.
You have razor-sharp teeth.*
You have supernaturally acute eyesight.
You can survive without breathing.*


Message History

Aiming: Ensorcelled Hibernation
Press: ? - help, Shift-Dir - straight line, f/p - goliath beetle
Aim: a goliath beetle (severely wounded)
The goliath beetle is unaffected.
Casting: Ensorcelled Hibernation
Confirm with . or Enter, or press ? or * to list all spells.
Aiming: Ensorcelled Hibernation
Press: ? - help, Shift-Dir - straight line, f/p - goliath beetle
Aim: a goliath beetle (severely wounded)
The goliath beetle easily resists.
Casting: Ensorcelled Hibernation
Confirm with . or Enter, or press ? or * to list all spells.
Aiming: Ensorcelled Hibernation
Press: ? - help, Shift-Dir - straight line, f/p - goliath beetle
Aim: a goliath beetle (severely wounded)
The goliath beetle easily resists.
The goliath beetle waves its antennae.
The goliath beetle bites you!
Ouch! That really hurt!
You die...

#........# .....# #
#........# .#...# #
#......).# #.<.# #
#.##'####### #...# #
#.##.......# ####
#.########.#
#>###......#
#.#....##..#
#.#...@....#
#.#..B..#.##
#.#.......#
#.#.##########
#...B......#
##########.##########
#...B...#....
#............
#.......#....


You could see a goliath beetle.

Vanquished Creatures
  Jessica (D:2)
  5 adders
  An inept feature mimic (D:2)
  A giant mite (D:2)
  2 giant geckos (D:2)
  An ooze (D:3)
  An orc (D:2)
  A ball python (D:1)
  6 giant cockroaches
  9 goblins
  6 hobgoblins
  A quokka (D:2)
  4 bats
  3 giant newts
  6 kobolds
  11 rats
59 creatures vanquished.

Notes
Turn   | Place    | Note
--------------------------------------------------------------
     0 | D:1      | Malachi, the Vampire Enchanter, began the quest for the Orb.
     0 | D:1      | Reached XP level 1. HP: 13/13 MP: 4/4
    75 | D:1      | Reached XP level 2. HP: 7/19 MP: 5/5
   269 | D:1      | Learned a level 2 spell: Ensorcelled Hibernation
   508 | D:1      | Reached skill level 5 in Hexes
  1471 | D:2      | Reached XP level 3. HP: 13/24 MP: 1/6
  1864 | D:2      | Noticed Jessica
  1871 | D:2      | Killed Jessica
  2017 | D:2      | Reached skill level 6 in Hexes
  2102 | D:2      | Reached XP level 4. HP: 28/30 MP: 0/8
  2520 | D:2      | Reached skill level 5 in Stealth
  3304 | D:3      | Slain by a goliath beetle

Action                   |  1- 3 |  4- 6 || total
-------------------------+-------+-------++-------
Melee: Dagger            |    81 |    73 ||   154
 Cast: Ensorcelled Hiber |    12 |    23 ||    35
       Corona            |       |     2 ||     2
 Stab: Sleeping          |    15 |    21 ||    36
       Distracted        |     1 |       ||     1
